3A
IDAHO FALLS CHUKARS @ COLUMBIA RIVER RATS
07/19/2038
 
TOP OF THE 1ST
Idaho Falls Chukars batting - Pitching for Columbia River Rats : LHP Poto Boldrini
Pitching: LHP Poto Boldrini
Batting: RHB Jon Hill 0-0: Ball
1-0: Ball
2-0: Fly out, F9 (Flyball, 9D, EV 102.5 MPH)
Batting: SHB Koryusai Ohayashi 0-0: Ball
1-0: Fly out, F8 (Flyball, 89S, EV 89.4 MPH)
Batting: RHB Vinnie Nuyten 0-0: Foul Ball, location: 2F
0-1: Ball
1-1: SINGLE (Groundball, 56, EV 107.5 MPH) (infield hit)
Batting: RHB Richard Forrest 0-0: Called Strike
0-1: Ball
1-1: Ball
2-1: Foul Ball, location: 2F
2-2: Foul Ball, location: 2F
2-2: Ball
3-2: Ground out 6-3 (Groundball, 6, EV 78.1 MPH)
Top of the 1st over - 0 runs, 1 hit, 0 errors, 1 left on base; Idaho Falls 0 - Columbia 0
BOTTOM OF THE 1ST
Columbia River Rats batting - Pitching for Idaho Falls Chukars : RHP Zuo-lin Liang
Pitching: RHP Zuo-lin Liang
Batting: RHB William Penn 0-0: Ball
1-0: Ground out 6-3 (Groundball, 6MS, EV 90.6 MPH)
Batting: LHB Ji-e Loh 0-0: Foul Ball, location: 2F
0-1: Foul Ball, location: 2F
0-2: Ball
1-2: Ball
2-2: Fly out, F8 (Flyball, 89S, EV 88.8 MPH)
Batting: SHB Dean Barthorpe 0-0: Called Strike
0-1: Ball
1-1: Swinging Strike
1-2: Ball
2-2: Ball
3-2: Strikes out looking
Bottom of the 1st over - 0 runs, 0 hits, 0 errors, 0 left on base; Idaho Falls 0 - Columbia 0
TOP OF THE 2ND
Idaho Falls Chukars batting - Pitching for Columbia River Rats : LHP Poto Boldrini
Batting: RHB César Vélez 0-0: Ball
1-0: DOUBLE (Groundball, 5L, EV 96.9 MPH)
Batting: RHB Kel Warren 0-0: Swinging Strike
0-1: Ball
1-1: Ball
2-1: Foul Ball, location: 2F
2-2: Ball
3-2: Foul Ball, location: 2F
3-2: Ground out 4-3 (Groundball, 34, EV 93.8 MPH)
César Vélez to third
Batting: SHB Oscar Henson 0-0: SINGLE (Groundball, 56D, EV 100.6 MPH)
César Vélez scores
Batting: RHB Jon Walker 0-0: Ball
1-0: Ball
2-0: Called Strike
2-1: Ball
3-1: Called Strike
3-2: Grounds into double play, 6-4-3 (Groundball, 6, EV 101.9 MPH)
Top of the 2nd over - 1 run, 2 hits, 0 errors, 0 left on base; Idaho Falls 1 - Columbia 0
BOTTOM OF THE 2ND
Columbia River Rats batting - Pitching for Idaho Falls Chukars : RHP Zuo-lin Liang
Batting: RHB Tony Castellanos 0-0: Foul Ball, location: 2F
0-1: Ball
1-1: Ball
2-1: Fly out, F7 (Flyball, 7LM, EV 87.5 MPH)
Batting: RHB Cédric Causse 0-0: Called Strike
0-1: Foul Ball, location: 2F
0-2: Ball
1-2: Ground out 5-3 (Groundball, 56, EV 87.5 MPH)
Batting: RHB Pu-feng Zhou 0-0: Called Strike
0-1: Ball
1-1: Fly out, F9 (Flyball, 9, EV 85.6 MPH)
Bottom of the 2nd over - 0 runs, 0 hits, 0 errors, 0 left on base; Idaho Falls 1 - Columbia 0
TOP OF THE 3RD
Idaho Falls Chukars batting - Pitching for Columbia River Rats : LHP Poto Boldrini
Batting: RHB Javier Botín 0-0: Ball
1-0: Ball
2-0: Called Strike
2-1: Called Strike
2-2: Ball
3-2: SINGLE (Groundball, 56S, EV 71.2 MPH) (infield hit)
Batting: RHB Jon Hill 0-0: Called Strike
0-1: Ball
1-1: Ball
2-1: Reached on error, E1 (Groundball, 13, EV 86.2 MPH)
Javier Botín to second
Batting: SHB Koryusai Ohayashi 0-0: Called Strike
0-1: Ball
1-1: Foul Ball, location: 2F
1-2: Foul Ball, location: 2F
1-2: Strikes out swinging
Batting: RHB Vinnie Nuyten 0-0: Swinging Strike
0-1: Called Strike
0-2: Ball
1-2: Strikes out swinging
Batting: RHB Richard Forrest 0-0: Ball
1-0: Fielders Choice at 2nd, 6-4 (Groundball, 6, EV 85.0 MPH)
Top of the 3rd over - 0 runs, 1 hit, 1 error, 2 left on base; Idaho Falls 1 - Columbia 0
BOTTOM OF THE 3RD
Columbia River Rats batting - Pitching for Idaho Falls Chukars : RHP Zuo-lin Liang
Batting: LHB John Mayer 0-0: Called Strike
0-1: Ground out U3 (Groundball, 34, EV 77.5 MPH)
Batting: LHB Seb Considine 0-0: Ground out 4-3 (Groundball, 4, EV 101.9 MPH)
Batting: RHB Ryan Guengerich 0-0: Ground out 5-3 (Groundball, 56, EV 103.1 MPH)
Bottom of the 3rd over - 0 runs, 0 hits, 0 errors, 0 left on base; Idaho Falls 1 - Columbia 0
TOP OF THE 4TH
Idaho Falls Chukars batting - Pitching for Columbia River Rats : LHP Poto Boldrini
Batting: RHB César Vélez 0-0: Swinging Strike
0-1: Foul Ball, location: 2F
0-2: Strikes out swinging
Batting: RHB Kel Warren 0-0: Ball
1-0: Ground out 5-3 (Groundball, 56, EV 82.5 MPH)
Batting: SHB Oscar Henson 0-0: Ball
1-0: Swinging Strike
1-1: Ball
2-1: Swinging Strike
2-2: Ball
3-2: Base on Balls
Batting: RHB Jon Walker 0-0: Ball
Oscar Henson steals 2nd base
1-0: Foul Ball, location: 2F
1-1: SINGLE (Groundball, 34D, EV 93.8 MPH)
Oscar Henson to third
Pitching: LHP Adri van Huizen
Batting: RHB Javier Botín 0-0: Called Strike
0-1: Swinging Strike
0-2: Ball
1-2: Foul Ball, location: 2F
1-2: Strikes out swinging
Top of the 4th over - 0 runs, 1 hit, 0 errors, 2 left on base; Idaho Falls 1 - Columbia 0
BOTTOM OF THE 4TH
Columbia River Rats batting - Pitching for Idaho Falls Chukars : RHP Zuo-lin Liang
Batting: RHB William Penn 0-0: Ground out 5-3 (Groundball, 56, EV 81.9 MPH)
Batting: LHB Ji-e Loh 0-0: Ball
1-0: Called Strike
1-1: Ball
2-1: Foul Ball, location: 2F
2-2: Foul Ball, location: 2F
2-2: Ground out 3-1 (Groundball, 34, EV 101.9 MPH)
Batting: SHB Dean Barthorpe 0-0: Called Strike
0-1: Swinging Strike
0-2: Strikes out swinging, 2-3 out at first.
Bottom of the 4th over - 0 runs, 0 hits, 0 errors, 0 left on base; Idaho Falls 1 - Columbia 0
TOP OF THE 5TH
Idaho Falls Chukars batting - Pitching for Columbia River Rats : LHP Adri van Huizen
Batting: RHB Jon Hill 0-0: Swinging Strike
0-1: Swinging Strike
0-2: Ball
1-2: Foul Ball, location: 2F
1-2: Ball
2-2: Strikes out swinging
Batting: SHB Koryusai Ohayashi 0-0: Ball
1-0: Ball
2-0: Ball
3-0: Called Strike
3-1: Fly out, F8 (Flyball, 8RS, EV 90.0 MPH)
Batting: RHB Vinnie Nuyten 0-0: SINGLE (Groundball, 34D, EV 100.6 MPH)
Batting: RHB Richard Forrest 0-0: Called Strike
0-1: Ball
1-1: Ball
2-1: Foul Ball, location: 2F
2-2: Ball
3-2: Strikes out swinging
Top of the 5th over - 0 runs, 1 hit, 0 errors, 1 left on base; Idaho Falls 1 - Columbia 0
BOTTOM OF THE 5TH
Columbia River Rats batting - Pitching for Idaho Falls Chukars : RHP Zuo-lin Liang
Batting: RHB Tony Castellanos 0-0: Foul Ball, location: 2F
0-1: Foul Ball, location: 2F
0-2: Ball
1-2: Ground out 6-3 (Groundball, 6, EV 88.8 MPH)
Batting: RHB Cédric Causse 0-0: Ball
1-0: Foul Ball, location: 2F
1-1: Fly out, F8 (Flyball, 8LXD, EV 91.9 MPH)
Batting: RHB Pu-feng Zhou 0-0: Fly out, F8 (Flyball, 8LM, EV 82.5 MPH)
Bottom of the 5th over - 0 runs, 0 hits, 0 errors, 0 left on base; Idaho Falls 1 - Columbia 0
TOP OF THE 6TH
Idaho Falls Chukars batting - Pitching for Columbia River Rats : LHP Adri van Huizen
Batting: RHB César Vélez 0-0: Fly out, F3 (Popup, 3L, EV 60.6 MPH)
Batting: RHB Kel Warren 0-0: Ball
1-0: Swinging Strike
1-1: Ball
2-1: Ball
3-1: Foul Ball, location: 2F
3-2: Foul Ball, location: 2F
3-2: Base on Balls
Batting: SHB Oscar Henson 0-0: Ball
1-0: Fly out, F8 (Flyball, 8LXD, EV 103.8 MPH)
Batting: RHB Jon Walker 0-0: Called Strike
0-1: Ball
1-1: DOUBLE (Flyball, 89D, EV 93.8 MPH)
Kel Warren to third
Runner from 3rd tries for Home, SAFE, throw by RF to trailing runner, SAFE at third!
Batting: RHB Javier Botín 0-0: Called Strike
0-1: Ball
1-1: Ball
2-1: Foul Ball, location: 2F
2-2: Ball
3-2: Ground out 6-3 (Groundball, 6, EV 86.9 MPH)
Top of the 6th over - 1 run, 1 hit, 0 errors, 1 left on base; Idaho Falls 2 - Columbia 0
BOTTOM OF THE 6TH
Columbia River Rats batting - Pitching for Idaho Falls Chukars : RHP Zuo-lin Liang
Batting: LHB John Mayer 0-0: Foul Ball, location: 2F
0-1: Ball
1-1: Ball
2-1: Swinging Strike
2-2: Foul Ball, location: 2F
2-2: Strikes out looking
Batting: LHB Seb Considine 0-0: Ball
1-0: Ball
2-0: SINGLE (Groundball, 4D, EV 96.9 MPH)
Batting: RHB Ryan Guengerich 0-0: Fly out, F8 (Line Drive, 8RD, EV 102.5 MPH)
Batting: RHB William Penn 0-0: Ball
1-0: Ball
2-0: Called Strike
2-1: DOUBLE (Line Drive, 3D, EV 108.1 MPH)
Seb Considine to third
Runner from 3rd tries for Home, SAFE, no throw by RF
Batting: LHB Ji-e Loh 0-0: Called Strike
0-1: Ball
1-1: Ball
2-1: SINGLE (Groundball, 34D, EV 104.4 MPH)
William Penn to third
Runner from 3rd tries for Home, SAFE, throw by RF to home
Batting: SHB Dean Barthorpe 0-0: Ball
1-0: Called Strike
1-1: Ball
2-1: Ball
3-1: Swinging Strike
3-2: Foul Ball, location: 2F
3-2: Fly out, F7 (Line Drive, 7, EV 91.2 MPH)
Bottom of the 6th over - 2 runs, 3 hits, 0 errors, 1 left on base; Idaho Falls 2 - Columbia 2
TOP OF THE 7TH
Idaho Falls Chukars batting - Pitching for Columbia River Rats : LHP Adri van Huizen
Batting: RHB Jon Hill 0-0: Ball
1-0: Ball
2-0: Ball
3-0: Base on Balls
Batting: SHB Koryusai Ohayashi 0-0: Sac Bunt to 15S - play at first, batter OUT! 1-4
Jon Hill to second
Batting: RHB Vinnie Nuyten 0-0: Ball
1-0: Foul Ball, location: 2F
1-1: Ball
2-1: Fly out, F7 (Flyball, 7S, EV 80.6 MPH)
Batting: RHB Richard Forrest 0-0: Ball
1-0: DOUBLE (Line Drive, 7LM, EV 111.2 MPH)
Jon Hill scores
Batting: RHB César Vélez 0-0: Called Strike
0-1: Ball
1-1: Ball
2-1: Ball
3-1: Fly out, F4 (Popup, 4, EV 56.9 MPH)
Top of the 7th over - 1 run, 1 hit, 0 errors, 1 left on base; Idaho Falls 3 - Columbia 2
BOTTOM OF THE 7TH
Columbia River Rats batting - Pitching for Idaho Falls Chukars : RHP Zuo-lin Liang
Batting: RHB Tony Castellanos 0-0: Ball
1-0: Foul Ball, location: 2F
1-1: Swinging Strike
1-2: Strikes out swinging
Batting: RHB Cédric Causse 0-0: DOUBLE (Flyball, 8LXD, EV 91.2 MPH)
Pinch Hitting: LHB Frank Morris 0-0: Foul Ball, location: 2F
0-1: 2-RUN HOME RUN (Flyball, 78XD, EV 103.8 MPH), Distance : 409 ft
Batting: LHB John Mayer 0-0: Swinging Strike
0-1: Swinging Strike
0-2: Ground out 5-3 (Groundball, 56S, EV 88.1 MPH)
Batting: LHB Seb Considine 0-0: Called Strike
0-1: Swinging Strike
0-2: Strikes out looking
Bottom of the 7th over - 2 runs, 2 hits, 0 errors, 0 left on base; Idaho Falls 3 - Columbia 4
TOP OF THE 8TH
Idaho Falls Chukars batting - Pitching for Columbia River Rats : LHP Adri van Huizen
Now at 3B: Min-ho Yun
Batting: RHB Kel Warren 0-0: Ground out 4-3 (Groundball, 4, EV 95.6 MPH)
Batting: SHB Oscar Henson 0-0: Ball
1-0: Swinging Strike
1-1: SINGLE (Flyball, 9LS, EV 93.1 MPH)
Pitching: RHP António Morales
Pinch Hitting: LHB Emosi Whiu 0-0: Ball
1-0: Ball
2-0: Called Strike
2-1: Ball
3-1: Swinging Strike
3-2: Foul Ball, location: 2F
3-2: Foul Ball, location: 2F
3-2: Grounds into double play, 4-6-3 (Groundball, 4, EV 83.1 MPH)
Top of the 8th over - 0 runs, 1 hit, 0 errors, 0 left on base; Idaho Falls 3 - Columbia 4
BOTTOM OF THE 8TH
Columbia River Rats batting - Pitching for Idaho Falls Chukars : RHP Zuo-lin Liang
Now at 1B: Emosi Whiu
Batting: RHB Ryan Guengerich 0-0: Ground out 5-3 (Groundball, 56S, EV 82.5 MPH)
Batting: RHB William Penn 0-0: Swinging Strike
0-1: Ball
1-1: Ball
2-1: Foul Ball, location: 2F
2-2: Ball
3-2: Foul Ball, location: 2F
3-2: Foul Ball, location: 2F
3-2: Strikes out swinging
Batting: LHB Ji-e Loh 0-0: Ball
1-0: Ball
2-0: Called Strike
2-1: Foul Ball, location: 2F
2-2: Ball
3-2: Foul Ball, location: 2F
3-2: Foul Ball, location: 2F
3-2: Base on Balls
Batting: SHB Dean Barthorpe 0-0: Ball
1-0: Called Strike
1-1: Foul Ball, location: 2F
1-2: Ball
Ji-e Loh steals 2nd base (no throw)
2-2: Fly out, F9 (Flyball, 9LS, EV 88.1 MPH)
Bottom of the 8th over - 0 runs, 0 hits, 0 errors, 1 left on base; Idaho Falls 3 - Columbia 4
TOP OF THE 9TH
Idaho Falls Chukars batting - Pitching for Columbia River Rats : RHP António Morales
Pitching: RHP Jeffery Johnston
Pinch Hitting: LHB Doyle Berkey 0-0: Ball
1-0: Ball
2-0: Fly out, F7 (Flyball, 7LMF, EV 105.6 MPH)
Batting: RHB Jon Hill 0-0: Called Strike
0-1: Foul Ball, location: 2F
0-2: SINGLE (Groundball, 5S, EV 67.5 MPH) (infield hit)
Batting: SHB Koryusai Ohayashi 0-0: Ball
1-0: Foul Ball, location: 2F
1-1: Fly out, F8 (Flyball, 89D, EV 85.0 MPH)
Batting: RHB Vinnie Nuyten 0-0: Ball
1-0: Foul Ball, location: 2F
1-1: Ball
2-1: Called Strike
2-2: Strikes out swinging
Top of the 9th over - 0 runs, 1 hit, 0 errors, 1 left on base; Idaho Falls 3 - Columbia 4
Friday, April 17th, 2020 - OOTP Baseball 20.8 Build 74